 Dungeon Crawl Stone Soup version 0.29-a0-1047-g7c58e119a4 (webtiles) character file.

Game seed: 4981682539040714531

139 spiderkeys the Firebug (level 5, -1/31 HPs)
             Began as an Octopode Fire Elementalist on Aug 17, 2022.
             Slain by an orc wizard
             ... wielding a +0 dagger
              (4 damage)
             ... on level 4 of the Dungeon.
             The game lasted 00:06:30 (3687 turns).

spiderkeys the Firebug (Octopode Fire Elementalist) Turns: 3687, Time: 00:06:31

Health: -1/31      AC:  1    Str:  7    XL:     5   Next: 22%
Magic:  9/9        EV: 13    Int: 20    God:
Gold:   97         SH:  0    Dex: 12    Spells: 7/10 levels left

rFire   . . .      SeeInvis .   h - +0 rapier
rCold   . . .      Faith    .   (no shield)
rNeg    . . .      Spirit   .   (helmet restricted)
rPois   .          Reflect  .   (no amulet)
rElec   .          Harm     .   (no ring)
rCorr   .          Rampage  .   (no ring)
Will    .....                   (no ring)
Stlth   +++.......              (no ring)
HPRegen 0.10/turn               (no ring)
MPRegen 0.11/turn               (no ring)
                                (no ring)
                                (no ring)

@: flying
A: almost no armour, amphibious, 8 rings, camouflage 1, gelatinous body 1,
(nimble swimmer 1), tentacles
a: no special abilities


You were on level 4 of the Dungeon.
You visited 1 branch of the dungeon, and saw 4 of its levels.

You collected 97 gold pieces.


Innate Abilities, Weirdness & Mutations

You cannot wear most types of armour.
You are amphibious.
You can wear up to eight rings at the same time.
Your skin changes colour to match your surroundings (Stealth+).
Your rubbery body absorbs attacks. (AC +1, EV +1)
((You are camouflaged when in or above water. (Stealth+)))
You have tentacles for arms and can constrict up to eight enemies at once.


   Skills:
 - Level 2.0 Dodging
 - Level 2.6 Stealth
 + Level 3.2 Spellcasting
 + Level 2.8 Conjurations
 + Level 4.1 Fire Magic


You had 7 spell levels left.
You knew the following spells:

 Your Spells              Type           Power      Damage    Failure   Level
f - Foxfire               Conj/Fire      68%        2x1d7     3%          1
X - Scorch                Fire           38%        2d6       3%          2

Your spell library contained the following spells:

 Spells                   Type           Power      Damage    Failure   Level
 Conjure Flame            Conj/Fire      17%        6-21      10%         3
 Inner Flame              Hex/Fire       11%        N/A       19%         3
 Ensorcelled Hibernation  Hex/Ice        6%         N/A       22%         2
 Ignite Poison            Fire/Tmut/Pois 8%         N/A       24%         3
 Mephitic Cloud           Conj/Pois/Air  6%         N/A       28%         3
 Flame Wave               Conj/Fire      17%        2d7       32%         4
 Spider Form              Tmut/Pois      3%         N/A       38%         3
 Anguish                  Hex/Necr       1%         N/A       80%         4
 Freezing Cloud           Conj/Ice/Air   3%         6-21      95%         5

Inventory:

Hand Weapons
 b - a +0 short sword
   (You took it off a kobold on level 1 of the Dungeon)
 h - a +0 rapier (weapon)
   (You found it on level 1 of the Dungeon)
Missiles
 c - 66 stones
 g - 6 poisoned darts
Jewellery
 v - a ring of see invisible
   (You found it on level 3 of the Dungeon)
Scrolls
 i - a scroll of magic mapping {!r}
 m - a scroll of enchant weapon
Potions
 a - a potion of magic
 j - a potion of cancellation {unknown}
 o - a potion of resistance {unknown}

Dungeon Overview and Level Annotations

Branches:
Dungeon (4/15) Zot: 20306
 Temple: D:4-7

Altars:
Okawaru

Annotations:
D:3 1 runed translucent door, Crazy Yiuf
D:4 3 runed translucent doors, exclusion: steam dragon, Grinder, Sigmund

#......# D###
#§§§§§§# ..#
#§§§§§§# ##.#
####§§§§§§# §##.#
##.§§§§§.o§# §##.##
...§§§§h§§§#§§##..#
#.#§§§oo§§h#§# ##.#
#§#§§§§hh§§# #.#
..§§§§§Jo@§## #<#
...§§§§####5# #.##
##+++## §# #..###
(....♣. ## ##...##
..(.... ###..# .[.
. ##.# #.# #.##
#).#


You could see Grinder, a jelly, 2 orc wizards, 2 orcs and 4 jackals.


Message History

Partly explored, can't reach some places.
Partly explored, can't reach some places.
There is a stone staircase leading up here.
You climb upwards.
Level annotation: 1 runed translucent door, Crazy Yiuf
There is a stone staircase leading down here.
There is a stone staircase leading down here.
You climb downwards.
Level annotation: exclusion: steam dragon The howler monkey howls!
Sigmund shouts!
The howler monkey completely misses you.
Found a spear.
Found an escape hatch in the floor.
There is a stone staircase leading up here.
You remove your ring of see invisible.
Sigmund hits you with a +0 scythe! The howler monkey hits you!
* * * LOW HITPOINT WARNING * * *
😨 HP[-17]
You take 17 damage, and now have 14/31 hp.
MASSIVE DAMAGE!! (PAUSE)
Okay, then.
You feel much better.
The howler monkey hoots and howls with incredible vigour!
A quokka comes into view.
You hear a shout! x4 😎 HP[+17]
Your hp is fully restored (31).
As you read the scroll labelled MAZIDGH PUGOA, it crumbles to dust.
You hear a loud clanging noise!
It was a scroll of noise.
You hear a shout! x2
Sigmund hits you with a +0 scythe.
The howler monkey completely misses you.
An adder comes into view. 😕 HP[-5]
You take 5 damage, and now have 26/31 hp.
Okay, then.
As you read the scroll labelled OSORRAKK BADO, it crumbles to dust.
The creatures around you are filled with an inner flame!
It was a scroll of immolation.
The howler monkey barely misses you. Sigmund closely misses you.
The quokka attacks as you move away! The quokka closely misses you.
The howler monkey hoots and howls with incredible vigour!
You hear a shout!
Unknown command.
The howler monkey closely misses you. The quokka misses you.
The howler monkey barely misses you. The quokka attacks as you move away!
The quokka bites you. 😮 HP[-4]
You take 4 damage, and now have 22/31 hp.
Unknown command.
A sourceless malevolence fills the Dungeon... and a teleportation trap spontaneously manifests!
You are yanked towards some nearby monsters!
Your surroundings suddenly seem different.
An orc warrior, an orc wizard and 3 orcs come into view.
Okay, then.
Okay, then.
A scorpion comes into view. 😮 HP[+1]
As you read the scroll of teleportation {@r4}, it crumbles to dust.
You feel strangely unstable.
Your surroundings suddenly seem different.
A jelly, 2 orcs, 2 orc wizards and 4 jackals come into view.
The orc wizard shouts!
The jackal barks!
The orc shouts!
The jackal barks!
The jelly quivers.
The orc wizard shouts!
The jackal bites you. The jackal misses you. The jackal closely misses you.
The orc shouts!
You hear a shout! 😮 HP[-1]
You take 1 damage, and now have 22/31 hp.
The jackal attacks as you move away! The jackal bites you. 😮 HP[-1]
You take 1 damage, and now have 21/31 hp.
The jackal attacks as you move away! The jackal closely misses you.
The jackal attacks as you move away! The jackal bites you.
Grinder comes into view. 😮 HP[-3]
You take 3 damage, and now have 18/31 hp.
Really read
k - a scroll of poison {!r}?
Really read the scroll of poison?
The air fills with toxic fumes!
As you read the scroll of poison {!r}, it crumbles to dust.
The jackal bites you.
* * * LOW HITPOINT WARNING * * *
The jackal barely misses you. Grinder hits you!
* * * LOW HITPOINT WARNING * * *
You writhe in agony.
* * * LOW HITPOINT WARNING * * *
The orc wizard hits you but does no damage.
The jackal bites you.
* * * LOW HITPOINT WARNING * * *
😱 HP[-14]
You take 14 damage, and now have 4/31 hp.
MASSIVE DAMAGE!! (PAUSE) It was a potion of flight.
You feel very buoyant.
You fly up into the air.
The jackal bites you.
* * * LOW HITPOINT WARNING * * *
The jackal misses you. Grinder misses you.
The orc wizard hits you with a +0 dagger.
You die...

Skill      XL: |  1  2  3  4 |
---------------+-------------+-----
Conjurations   | 2 |  2.8
Spellcasting   | 3 |  3.2
Fire Magic     | 4 |  4.1
Dodging        | |  2.0
Stealth        | |  2.6

Action                   |  1- 3 |  4- 6 || total
-------------------------+-------+-------++-------
Melee: Short sword       |     5 |       ||     5
       Unarmed           |     2 |       ||     2
       Constrict         |     6 |     7 ||    13
       Tentacles         |     5 |     8 ||    13
       Rapier            |    13 |    27 ||    40
       Punch             |       |     1 ||     1
 Cast: Foxfire           |    43 |    30 ||    73
       Scorch            |       |    13 ||    13
  Use: Scroll            |       |    10 ||    10
       Potion            |       |     2 ||     2
 Stab: Sleeping          |     2 |     2 ||     4
Armor: Skin              |     1 |     6 ||     7
Dodge: Dodged            |    15 |    30 ||    45

Levels and vault maps discovered:
D:1:      dpeg_arrival_round_a, layout_basic,
          hellmonk_ecumenical_altar_pennies_from_heaven
D:2:      layout_basic, uniq_jessica
D:3:      layout_loops_ring, okawaru_altar_gauntlet_db, uniq_crazy_yiuf_cottage
D:4:      layout_rooms, minmay_temple_entry_statues_pillars,
          ebering_ghost_rock_garden, uniq_sigmund, uniq_grinder

Notes
Turn   | Place    | Note
-------+----------+-------------------------------------------
     0 | D:1      | spiderkeys the Octopode Fire Elementalist began the quest
                  | for the Orb.
     0 | D:1      | Reached XP level 1. HP: 11/11 MP: 3/3
     0 | D:1      | magus.rc [v1.11.3]
   204 | D:1      | Reached XP level 2. HP: 14/17 MP: 3/5
   270 | D:1      | Found a faded altar of an unknown god.
  1137 | D:2      | HP: 3/17 [jackal (3)]
  1365 | D:2      | Reached XP level 3. HP: 18/21 MP: 1/6
  1794 | D:2      | Reached skill level 2 in Conjurations
  1997 | D:2      | Reached XP level 4. HP: 27/27 MP: 4/8
  2269 | D:2      | Identified the +0 scale mail of the Beginning {Dex+3
                  | Slay+3}
  2273 | D:2      | Noticed Jessica
  2278 | D:2      | Killed Jessica
  2279 | D:2      | Reached skill level 3 in Spellcasting
  2659 | D:3      | Learned a level 2 spell: Scorch
  2724 | D:3      | You pick up a book of Dreams and begin reading...
  2724 | D:3      | You add the spells Ensorcelled Hibernation, Spider Form and
                  | Anguish to your library.
  2813 | D:3      | Reached skill level 4 in Fire Magic
  3076 | D:3      | Reached XP level 5. HP: 31/31 MP: 9/9
  3120 | D:3      | You add the spells Ignite Poison, Mephitic Cloud and
                  | Freezing Cloud to your library.
  3500 | D:3      | Found an iron altar of Okawaru.
  3566 | D:3      | Found a runed translucent door.
  3567 | D:3      | Noticed Crazy Yiuf
  3632 | D:4      | Noticed a steam dragon
  3662 | D:4      | Noticed Sigmund
  3670 | D:4      | Noticed an orc warrior
  3682 | D:4      | Found a runed translucent gate.
  3682 | D:4      | Found a runed translucent gate.
  3682 | D:4      | Found a runed translucent gate.
  3685 | D:4      | Noticed Grinder
  3686 | D:4      | HP: 6/31 [Grinder (9)]
  3687 | D:4      | Slain by an orc wizard

Vanquished Creatures
  Jessica (D:2)
  4 gnolls
  2 adders
  3 orcs (D:3)
  6 endoplasms
  8 goblins
  4 hobgoblins
  3 jackals (D:2)
  5 kobolds
  A quokka (D:2)
  4 ball pythons
  5 bats
  3 frilled lizards
  7 rats
56 creatures vanquished.

Vanquished Creatures (others)
  124 foxfires
  2 fungi (D:3)
126 creatures vanquished.

Grand Total: 182 creatures vanquished

Table legend:
 A = Non-vault XP
 B = Vault XP
 C = Vault XP percentage of total XP
 D = Non-vault monster count
 E = Vault monster count
 F = Vault count percentage of total count
                 A         B        C        D         E       F
            +---------+---------+-------+---------+---------+-------
      Total |     136 |      63 |  31.7 |      49 |       7 |  12.5
            +---------+---------+-------+---------+---------+-------
        D:1 |      17 |       0 |   0.0 |      12 |       0 |   0.0
        D:2 |      86 |      37 |  30.1 |      23 |       1 |   4.2
        D:3 |      33 |      26 |  44.1 |      14 |       6 |  30.0
            +---------+---------+-------+---------+---------+-------

Illustrated notes

Table legend:
 A = Kills in this place as a percentage of kills in entire the game.
 B = Kills by you in this place as a percentage of kills by you in the entire game.
 C = Kills by friends in this place as a percentage of kills by friends in the entire game.
 D = Other kills in this place as a percentage of other kills in the entire game.
 E = Experience gained in this place as a percentage of experience gained in the entire game.
 F = Experience gained in this place divided by the number of levels of this place that you have seen.
                   A       B       C       D       E      F
               +-------+-------+-------+-------+-------+----------------------
         Total | 100.0 | 100.0 |   N/A |   N/A | 100.0 |  49.8
       Dungeon | 100.0 | 100.0 |   N/A |   N/A | 100.0 |  49.8
               +-------+-------+-------+-------+-------+----------------------

Table legend: (Time is in decaauts)
 A = Elapsed time spent in this place.
 B = Non-inter-level travel time spent in this place.
 C = Inter-level travel time spent in this place.
 D = Time resting spent in this place.
 E = Time spent auto-exploring this place.
 F = Levels seen in this place.
 G = Mean time per level.
                   A        B        C        D        E       F      G
               +--------+--------+--------+--------+--------+-----+--------+
         Total |   3693 |   3532 |    161 |     15 |   3116 |   4 |  923.2 |
       Dungeon |   3693 |   3532 |    161 |     15 |   3116 |   4 |  923.2 |
               +--------+--------+--------+--------+--------+-----+--------+

Top non-repeatable levels by time:
     D:2: 1526 daAuts
     D:1: 1093 daAuts
     D:3: 994 daAuts
     D:4: 78 daAuts
